AoeStats
← Barbeitus

Arena

504891409Analyzed
2v2 RM · 25d ago on Sep 7, 2026· 16m 38s· 4 players
Game mode
Random Map
Map size
Medium (4 player)
Population
200
Speed
Normal
Resources
Standard
Victory
Conquest
Starting age
Dark Age
Ending age
Imperial Age
RankedLock teamsTeams togetherTeam positionsShared explorationLock speedFull tech treeHidden civsTurbo modeCheats
Victory
Defeat
🇧🇴 Persians · Bolivia
758
+18
🇧🇴 Japanese · Bolivia
751
+18
🇧🇷 Huns · Brazil
851
-20
🇧🇷 Franks · Brazil
751
-16
Barbeitus
12:04 Feudal Age
12:33 Horse Collar
13:12 Man-at-Arms
14:57 Arson
15:53 Double-Bit Axe
Polar
13:17 Feudal Age
13:23 Man-at-Arms
13:49 Arson
15:57 Wheelbarrow
15:55 Town Watch
vcraft34
0:30 Loom
9:21 Feudal Age
10:46 Wheelbarrow
HABIL 7777
0:41 Loom
10:15 Feudal Age
10:46 Double-Bit Axe
Connection lost

Rejoining the realm…

Still unreachable

The connection could not be restored.

Session expired

The server has moved on; the page needs a fresh start.